 Dungeon Crawl Stone Soup version 0.32-a0-136-gc02482bde3 (webtiles) character file.

Game seed: 18282077934719098532

4 runemasterragnar the Changeling (level 1, 0/13 (16) HPs)
             Began as a Demigod Shapeshifter on Feb 11, 2024.
             Frozen to death by an endoplasm (3 damage)
             ... on level 1 of the Dungeon.
             The game lasted 00:00:15 (49 turns).

runemasterragnar the Changeling (DgSh)                Turns: 49, Time: 00:00:16

HP:   0/13 (16)     AC:  2    Str: 15    XL:     1   Next: 46%
MP:   3/3           EV: 12    Int: 12    God:
Gold: 0             SH:  0    Dex: 13    Spells: 0/0 levels left

rFire   . .          .
                       - Unarmed
rCold   . . .        (no shield)
rNeg    . . .        a - +0 animal skin
rPois   .            (helmet currently unavailable)
rElec   .            (cloak currently unavailable)
rCorr   .            (gloves currently unavailable)
SInv    .            (boots currently unavailable)
Will    .....        (no amulet)
Stlth   +            (no ring)
HPRegen 0.22/turn    (no ring)
MPRegen 0.08/turn

%: no passive effects
@: beast-form, heavily drained
A: beast (slay +1), high MP 1, forlorn, divine attributes
a: Begin Untransformation


You were on level 1 of the Dungeon.
You were a hulking beast.
You visited 1 branch of the dungeon, and saw 1 of its levels.

Inventory:

Armour
 a - a +0 animal skin (worn)
Talismans
 c - a beast talisman
 d - a flux talisman
Potions
 b - a potion of lignification


   Skills:
 + Level 1.0 Fighting
 - Level 1.7 Dodging
 + Level 2.7 Unarmed Combat
 * Level 2.8 Shapeshifting


You couldn't memorise any spells.
You didn't know any spells.
Your spell library was empty.

Dungeon Overview and Level Annotations

Branches:
Dungeon (1/15)


Innate Abilities, Weirdness & Mutations

You are a hulking beast.
Your limbs bulge with bestial killing power. (Slay +1)
You have an increased reservoir of magic. (+10% MP)
You shall have no god before yourself.
Your divine heritage dramatically boosts your attributes as you level up.


Message History

You hit the giant cockroach.
You kill the giant cockroach!
Your Fighting skill increases to level 1!
An endoplasm comes into view.
An endoplasm is nearby!
An endoplasm is nearby!
An endoplasm comes into view.
A rat comes into view.
A kobold comes into view. It is wielding a +0 whip of draining.
Found a stone staircase leading down.
The kobold shouts!
The endoplasm quivers. x2
You hear a loud squeak.
You barely miss the endoplasm. The endoplasm closely misses you.
You punch the endoplasm!
You kill the endoplasm!
The kobold completely misses you.
You hit the kobold but do no damage. The kobold closely misses you.
The endoplasm freezes you.
You are frozen.
You hit the rat.
You kill the rat!
The kobold hits you with a +0 whip of draining.
You feel drained. The endoplasm freezes you.
You are frozen.
You closely miss the kobold. The kobold closely misses you.
The endoplasm freezes you.
You are frozen.
You are too injured to fight recklessly!
The endoplasm barely misses you.
You hit the kobold.
The kobold is moderately wounded.
The kobold hits you with a +0 whip of draining.
* * * LOW HITPOINT WARNING * * *
You feel drained.
* * * LOW HITPOINT WARNING * * *
The endoplasm freezes you.
You are frozen.
You die...

# ## ## #.r.##.
#......
..#...#..####
#...#.......###
#.#...........#
#...##.##K#...#..
#......hJ......
##..............
#...............
#..............>
#...............
#...............
#.#.##########..
# #†# ###..#.#..
#.###.....##


You could see an endoplasm and a kobold.

Vanquished Creatures
  An endoplasm (D:1)
  A giant cockroach (D:1)
  A quokka (D:1)
  A rat (D:1)
4 creatures vanquished.

Notes
Turn   | Place    | Note
-------+----------+-------------------------------------------
     0 | D:1      | runemasterragnar the Demigod Shapeshifter began the quest
                  | for the Orb.
     0 | D:1      | Reached XP level 1. HP: 15/15 MP: 3/3
    36 | D:1      | Reached skill level 1 in Fighting
    49 | D:1      | Frozen to death by an endoplasm

Illustrated notes

Levels and vault maps discovered:
D:1:      dpeg_arrival_round_a, layout_rooms,
          shapermc_ecumenical_altar_acropolis, minmay_tromino_i2

Skill      XL: |  1 |
---------------+----+-----
Fighting       | 1 |  1.0
Dodging        | |  1.7
Unarmed Combat | |  2.7
Shapeshifting  | |  2.8

Action                     || total
---------------------------++-------
  Melee: Unarmed           ||    16
 Armour: Animal skin       ||     9
  Dodge: Dodged            ||     8

Table legend: (Time is in decaauts)
 A = Elapsed time spent in this place.
 B = Non-inter-level travel time spent in this place.
 C = Inter-level travel time spent in this place.
 D = Time resting spent in this place.
 E = Time spent auto-exploring this place.
 F = Levels seen in this place.
 G = Mean time per level.
                   A        B        C        D        E       F      G
               +--------+--------+--------+--------+--------+-----+--------+
         Total |     48 |     48 |      0 |      0 |     22 |   1 |   48.0 |
       Dungeon |     48 |     48 |      0 |      0 |     22 |   1 |   48.0 |
               +--------+--------+--------+--------+--------+-----+--------+

Top non-repeatable levels by time:
     D:1: 48 daAuts
